 Dungeon Crawl Stone Soup version 0.21-a0-72-gbbb65ab (webtiles) character file.

57083 grindst0ne the Tortoise (level 15, -4/120 HPs)
             Began as a Formicid Fighter on June 20, 2017.
             Was the Champion of Makhleb.
             Engulfed by a frost giant's freezing vapour (23 damage)
             ... on level 15 of the Dungeon.
             The game lasted 00:44:23 (20691 turns).

grindst0ne the Tortoise (Formicid Fighter)         Turns: 20691, Time: 00:44:24

Health: -4/120     AC: 17    Str: 24    XL:     15   Next: 24%
Magic:  22/22      EV: 18    Int:  9    God:    Makhleb [******]
Gold:   1137       SH: 21    Dex: 21    Spells: 14/14 levels left

rFire    + . .     SeeInvis +   d - +5 battleaxe (flame)
rCold    . . .     Gourm    .   h - +0 large shield {rF+}
rNeg     . . .     Faith    +   m - +0 chain mail
rPois    .         Spirit   .   (helmet unavailable)
rElec    .         Reflect  .   y - +0 cloak
rCorr    .         Harm     .   L - +0 pair of gloves of Peek-a-Boo {Str+3}
MR       +....                  (no boots)
Stlth    ..........             b - amulet of faith
HPRegen  0.30/turn              n - +4 ring of evasion
MPRegen  0.18/turn              s - +6 ring of dexterity

@: flying, studying Shields
A: permanent stasis, dig shafts and tunnels, four strong arms, antennae 3
a: Dig, Shaft Self, Minor Destruction, Lesser Servant of Makhleb, Major
Destruction, Greater Servant of Makhleb, Renounce Religion


You were on level 15 of the Dungeon.
You worshipped Makhleb.
Makhleb was exalted by your worship.
You were hungry.

You visited 2 branches of the dungeon, and saw 21 of its levels.
You also visited: Volcano.

You collected 1377 gold pieces.
You spent 240 gold pieces at shops.

Inventory:

Hand Weapons
 a - a +1 great sword of flaming
 d - a +5 battleaxe of flaming (weapon)
Armour
 h - a +0 large shield of fire resistance (worn)
 m - a +0 chain mail (worn)
 y - a +0 cloak (worn)
 L - the +0 pair of gloves of Peek-a-Boo (worn) {Str+3}
   (You found it on level 7 of the Dungeon)

   It affects your strength (+3).
Jewellery
 b - an amulet of faith (around neck)
 i - an uncursed ring of positive energy {unknown}
 n - a +4 ring of evasion (left hand)
 q - an uncursed ring of protection from magic
 s - a +6 ring of dexterity (right hand)
 t - a +4 amulet of reflection
Wands
 e - a wand of acid (10/15)
 K - a wand of clouds (3/9)
 Q - a wand of polymorph (17/24)
 T - a wand of iceblast (1/15)
 U - a wand of paralysis (1/24)
Scrolls
 c - 5 scrolls of fear
 k - 13 scrolls of remove curse
 w - 5 scrolls of magic mapping
 A - 7 scrolls of enchant weapon
 C - 3 scrolls of fog
 N - 3 scrolls of amnesia
 Y - 2 scrolls of identify
Potions
 j - 5 potions of lignification
 l - 3 potions of heal wounds
 o - 2 potions of agility
 p - a potion of invisibility
 r - 3 potions of curing
 v - 2 potions of cancellation
 z - 2 potions of ambrosia
 M - 3 potions of flight
 P - 2 potions of might
 S - 2 potions of mutation
Books
 O - a manual of Shields
Miscellaneous
 E - a lightning rod (4/4)
 F - a phial of floods
 H - a phantom mirror
Comestibles
 f - 10 bread rations
 g - 7 meat rations
 x - 14 royal jellies
 D - 17 fruits


   Skills:
 - Level 12.0 Fighting
 - Level 2.0 Axes
 + Level 15.7 Armour
 - Level 7.0 Dodging
 - Level 15.4 Shields
 + Level 9.9 Invocations
 - Level 6.2 Evocations


You had 14 spell levels left.
You didn't know any spells.

Dungeon Overview and Level Annotations

Branches:
Dungeon (15/15)            Temple (0/1) D:5            Lair (6/6) D:9
 Shoals (0/4) Lair:3        Snake (0/4) Lair:4        Slime (0/5) Lair:6
    Orc (0/2) D:9          Vaults (0/5) D:13         Depths (0/5) D:15

Altars:
Dithmenos
Elyvilon
Fedhas
Hepliaklqana
Makhleb
Ru
Sif Muna
Trog
Wu Jian
Xom
Zin
The Shining One

Shops:
D:8 :   D:15 !

Annotations:
D:10 exclusion: 2 oklob plants
D:13 1 runed door
Lair:5 exclusion: 3 oklob plants


Innate Abilities, Weirdness & Mutations

You cannot be hasted, slowed, berserked, paralysed or teleported.
You can dig through walls and to a lower floor.
Your four strong arms can wield two-handed weapons with a shield.
You have a pair of large antennae on your head. (SInv)


Message History

The arrow closely misses you.
The yaktaur wields an uncursed arbalest.
The yaktaur shoots a bolt.
The bolt barely misses your neqoxec. The bolt hits your hellwing!
The frost giant closely misses your hellwing.
The frost giant hits your neqoxec with a battleaxe of freezing!!
The frost giant freezes your neqoxec!
Your neqoxec dies!
Your hellwing hits the frost giant.
Your hellwing hits the frost giant but does no damage.
The centaur warrior unwields an uncursed shortbow.
You block the centaur warrior's attack.
The centaur warrior hits you but does no damage.
The frost giant points at you and mumbles some strange words.
The bolt of cold hits your hellwing.
Your hellwing dies!
The bolt of cold hits you!
* * * LOW HITPOINT WARNING * * *
You closely miss the centaur warrior.
You are engulfed in freezing vapours.
You die...

########
'...+.# #
#c>.#.#
#.#.C.#.#
#.##(##.#
#.≈..(≈c#
#.≈...@.#
#.≈.≈(≈.#
#.#.#(#.#
#≈..#..≈# #
#≈≈...≈≈#..#
####'####..#
#.#.....#
####.......#
#...........


You could see a frost giant, a centaur warrior and a yaktaur.

Vanquished Creatures
  3 dire elephants (Lair:6)
  A fire dragon (Volcano)
  5 vault guards (D:13)
  5 hydras
  A centaur warrior (D:14)
  The ghost of Duffy the Cleaver, a journeyman VSGl of Cheibriados (Lair:1)
  A death knight (D:14)
  4 two-headed ogres
  An anaconda (Lair:6)
  A hell hog (Volcano)
  3 unseen horrors
  3 ugly things (D:14)
  A wolf spider zombie (D:10)
  An oklob plant (Lair:3)
  2 manticores
  13 elephants
  Maurice (D:9)
  A merfolk siren (Lair:3)
  3 black mambas
  6 spiny frogs
  A kobold demonologist (D:15)
  2 rime drakes
  7 komodo dragons
  A hornet (D:10)
  2 polar bears (Lair:3)
  4 trolls (D:13)
  14 slime creatures
  A harpy skeleton (D:15)
  5 blink frogs (Lair:6)
  8 hippogriffs
  5 basilisks
  3 wraiths (D:14)
  4 hogs (D:7)
  2 wyverns
  29 yaks
  A human (D:7)
  2 hungry ghosts
  9 fire bats (Volcano)
  3 steam dragons
  Grum (D:8)
  2 vampire mosquitoes (D:13)
  A soldier ant (D:11)
  3 nagas (Lair:4)
  12 water moccasins
  Duvessa (D:4)
  7 porcupines
  2 hell hounds (Volcano)
  A black bear (D:6)
  A hornet zombie (D:10)
  An ice beast (D:14)
  5 sky beasts
  13 orc warriors
  4 ogres
  4 phantoms
  2 wolves
  10 crocodiles
  2 centaurs
  2 big kobolds
  A gnoll sergeant (D:7)
  23 bullfrogs
  Dowan (D:4)
  5 scorpions
  2 wyvern skeletons
  3 killer bees (D:10)
  An electric eel (Lair:2)
  3 wights (D:7)
  4 howler monkeys
  6 crimson imps
  3 bullfrog zombies
  7 lava snakes (Volcano)
  2 centaur zombies
  3 quasits
  8 hounds
  6 jellies
  7 orc priests
  14 orc wizards
  Jessica (D:3)
  2 bullfrog skeletons
  Terence (D:2)
  9 worker ants
  3 hound zombies
  2 hound skeletons
  13 gnolls
  A howler monkey skeleton (D:5)
  13 adders
  3 shadow imps
  A white imp (D:6)
  An ooze (D:2)
  An adder zombie (D:8)
  3 worms
  A dart slug (D:2)
  5 leopard geckos
  64 orcs
  A bat (D:1)
  2 giant cockroaches
  4 goblins
  5 hobgoblins
  7 jackals
  11 kobolds
  4 quokkas
  A ball python (D:1)
  5 frilled lizards
  A goblin skeleton (D:6)
  3 goblin zombies (D:6)
  2 jackal skeletons
  2 kobold skeletons (D:6)
  A kobold zombie (D:6)
  2 leopard gecko skeletons (D:4)
  3 orc zombies (D:6)
  A quokka skeleton (D:6)
  7 rats
  5 fungi
  3 plants (Lair:6)
527 creatures vanquished.

Vanquished Creatures (others)
  An orc wizard (D:11)
  An orc (D:11)
  6 fungi
  4 plants
12 creatures vanquished.

Grand Total: 539 creatures vanquished

Notes
Turn   | Place    | Note
-------+----------+-------------------------------------------
     0 | D:1      | grindst0ne the Formicid Fighter began the quest for the Orb.
     0 | D:1      | Reached XP level 1. HP: 18/18 MP: 1/1
    69 | D:1      | Reached XP level 2. HP: 18/24 MP: 2/2
   413 | D:2      | Noticed Terence
   437 | D:2      | Killed Terence
   437 | D:2      | Reached XP level 3. HP: 16/29 MP: 3/3
   583 | D:2      | Found a burning altar of Makhleb.
   587 | D:2      | Found a glowing silver altar of Zin.
   588 | D:2      | Noticed an angel
   590 | D:2      | Noticed a blizzard demon
   597 | D:2      | Became a worshipper of Makhleb the Destroyer
   721 | D:2      | Reached XP level 4. HP: 33/35 MP: 4/4
   732 | D:2      | Reached skill level 5 in Shields
  1035 | D:2      | Reached XP level 5. HP: 30/41 MP: 5/5
  1372 | D:3      | Reached * piety under Makhleb
  1394 | D:3      | Found a shadowy altar of Dithmenos.
  1426 | D:3      | Noticed Jessica
  1436 | D:3      | Killed Jessica
  1436 | D:3      | Reached XP level 6. HP: 43/47 MP: 6/6
  2056 | D:4      | Found a bloodstained altar of Trog.
  2057 | D:4      | Noticed an ogre
  2068 | D:4      | Killed an ogre
  2068 | D:4      | Reached skill level 5 in Armour
  2235 | D:4      | Reached XP level 7. HP: 40/52 MP: 7/7
  2314 | D:4      | Noticed Duvessa
  2314 | D:4      | Noticed Dowan
  2326 | D:4      | Killed Duvessa
  2343 | D:4      | Killed Dowan
  2564 | D:4      | Reached ** piety under Makhleb
  2880 | D:5      | Entered Level 5 of the Dungeon
  2971 | D:5      | Found a staircase to the Ecumenical Temple.
  3074 | D:5      | Reached XP level 8. HP: 58/58 MP: 8/8
  3180 | D:5      | Found a shimmering altar of Xom.
  3889 | D:6      | Reached skill level 10 in Shields
  3908 | D:6      | Found a glowing golden altar of the Shining One.
  4533 | D:7      | Found a shimmering altar of Xom.
  4534 | D:7      | Found a shimmering altar of Xom.
  4534 | D:7      | Found a shimmering altar of Xom.
  4534 | D:7      | Found a shimmering altar of Xom.
  4535 | D:7      | Found a shimmering altar of Xom.
  4546 | D:7      | Found a shimmering altar of Xom.
  4557 | D:7      | Found a white marble altar of Elyvilon.
  4596 | D:7      | Reached XP level 9. HP: 50/64 MP: 9/9
  4756 | D:7      | Reached *** piety under Makhleb
  4879 | D:7      | Noticed a cyclops
  4881 | D:7      | Noticed a yaktaur
  4889 | D:7      | Noticed a moth of wrath
  4889 | D:7      | a yaktaur changed into a moth of wrath
  5035 | D:7      | Noticed a moth of wrath
  5050 | D:7      | Noticed a wind drake
  5050 | D:7      | a moth of wrath changed into a wind drake
  5058 | D:7      | Noticed a death drake
  5129 | D:7      | Found an ornate altar of the Wu Jian Council.
  5287 | D:7      | Reached XP level 10. HP: 70/70 MP: 10/10
  5300 | D:7      | Got a pair of smoking gloves
  5311 | D:7      | Identified the +0 pair of gloves of Peek-a-Boo {Str+3} (You found it on level 7 of the Dungeon)
  5338 | D:7      | Found a blossoming altar of Fedhas.
  5443 | D:7      | Noticed a shock serpent
  5684 | D:8      | Found a sacrificial altar of Ru.
  5756 | D:8      | Noticed a two-headed ogre
  5774 | D:8      | Killed a two-headed ogre
  5945 | D:8      | Reached **** piety under Makhleb
  6308 | D:8      | Found Ucumaw's Book Shoppe.
  6361 | D:8      | Reached skill level 10 in Armour
  6366 | D:8      | Identified the +5 dagger of Turmoil {speed, rF- Str+2 Dex+4} (You found it on level 8 of the Dungeon)
  6433 | D:9      | Noticed Grum
  6711 | D:8      | Killed Grum
  6753 | D:9      | Found a hazy altar of Hepliaklqana.
  6843 | D:9      | Identified Sif Muna's Incunabulum of Translocation
  6890 | D:9      | Found a staircase to the Lair.
  6907 | D:9      | Found a staircase to the Orcish Mines.
  7029 | D:9      | Noticed Maurice
  7044 | D:9      | Killed Maurice
  7166 | D:9      | Reached XP level 11. HP: 75/75 MP: 11/11
  7597 | D:9      | Found a deep blue altar of Sif Muna.
  7627 | D:10     | Entered Level 10 of the Dungeon
  7632 | D:10     | Reached skill level 15 in Shields
  8238 | D:10     | Noticed a two-headed ogre
  8252 | D:10     | Killed a two-headed ogre
  8252 | D:10     | Reached skill level 1 in Evocations
  8515 | D:10     | Found a blossoming altar of Fedhas.
  8518 | D:10     | Noticed an oklob plant
  8518 | D:10     | Noticed an oklob plant
  8806 | Lair:1   | Entered Level 1 of the Lair of Beasts
  8819 | Lair:1   | Noticed Duffy's ghost (journeyman VSGl)
  9376 | Lair:1   | Killed Duffy's ghost
  9669 | Lair:1   | Reached skill level 5 in Invocations
  9845 | Lair:1   | Reached skill level 5 in Evocations
 10162 | Lair:2   | Noticed a six-headed hydra
 10167 | Lair:2   | Noticed a six-headed hydra
 10174 | Lair:2   | Killed a seven-headed hydra
 10174 | Lair:2   | Reached XP level 12. HP: 71/81 MP: 16/16
 10176 | Lair:2   | Killed a six-headed hydra
 10556 | Lair:2   | Reached skill level 5 in Fighting
 10587 | Lair:2   | Reached ***** piety under Makhleb
 12118 | Lair:3   | Found a staircase to the Shoals.
 12176 | Lair:3   | Noticed a six-headed hydra
 12196 | Lair:3   | Killed an 11-headed hydra
 12738 | Lair:3   | Reached skill level 10 in Fighting
 12827 | Lair:4   | Reached XP level 13. HP: 104/104 MP: 18/18
 12940 | Lair:4   | Found a staircase to the Snake Pit.
 13110 | Lair:4   | Noticed a seven-headed hydra
 13242 | Lair:4   | Killed a nine-headed hydra
 13568 | Lair:4   | Reached skill level 1 in Dodging
 14513 | Lair:5   | Reached skill level 5 in Dodging
 14967 | Lair:6   | Entered Level 6 of the Lair of Beasts
 15044 | Lair:6   | Found a dark tunnel.
 15074 | Volcano  | Entered a volcano
 15672 | Volcano  | Found a radiant altar of Vehumet.
 15692 | Volcano  | Noticed a fire dragon
 15706 | Volcano  | Killed a fire dragon
 15836 | Volcano  | Found a burning altar of Makhleb.
 15990 | Lair:6   | Found a staircase to the Slime Pits.
 16056 | Lair:6   | Reached XP level 14. HP: 112/115 MP: 19/19
 17008 | Lair:6   | Noticed a dire elephant
 17008 | Lair:6   | Noticed a dire elephant
 17021 | Lair:6   | Killed a dire elephant
 17022 | Lair:6   | Killed a dire elephant
 17044 | Lair:6   | Identified the +3 hand crossbow of Rotation {flame, rF+ Str+2} (You found it on level 6 of the Lair of Beasts)
 17081 | Lair:6   | Noticed a dire elephant
 17093 | Lair:6   | Killed a dire elephant
 17968 | D:11     | Reached ****** piety under Makhleb
 18674 | D:12     | Found a deep blue altar of Sif Muna.
 19003 | D:13     | Found a glowing silver altar of Zin.
 19003 | D:13     | Noticed an angel
 19005 | D:13     | Found a runed door.
 19517 | D:13     | Reached skill level 15 in Armour
 19661 | D:13     | Found a gate to the Vaults.
 19751 | D:14     | Reached XP level 15. HP: 120/120 MP: 21/21
 20564 | D:15     | Entered Level 15 of the Dungeon
 20608 | D:15     | Found Dojys's Distillery.
 20614 | D:15     | Bought a potion of curing for 48 gold pieces
 20614 | D:15     | Bought a potion of might for 64 gold pieces
 20614 | D:15     | Bought a potion of heal wounds for 80 gold pieces
 20614 | D:15     | Bought a potion of curing for 48 gold pieces
 20681 | D:15     | Found a staircase to the Depths.
 20681 | D:15     | Noticed a frost giant
 20691 | D:15     | Engulfed by a frost giant's freezing vapour

Vault maps used:
D:1:      dpeg_arrival_pond, minmay_shallow_snake_nest
D:2:      grunt_temple_overflow_order_and_chaos_2, uniq_terence
D:3:      wad_crossroads, grunt_dithmenos_smoke, first_bread, uniq_jessica
D:4:      bloody_trog, uniq_duvessa
D:5:      minmay_temple_entry_trees, basic_altar
D:6:      nicolae_tso_besieged_by_evil, serial_bayou_pond_d
D:7:      old_standard_altar, lemuel_round_altar, fedhas_bush_and_centaur_altar,
          xom_shifter_show, grunt_livestock, kennysheep_path_1
D:8:      kennysheep_spiral_hall, kennysheep_mini_moat, serial_shops,
          kennysheep_little_box
D:9:      lemuel_round_altar, led_sif_book, lair_entry_dummy, orc_0_dummy,
          uniq_maurice, uniq_grum
D:10:     hangedman_tree_tricks
D:12:     basic_altar
D:13:     erik_vaults_2, lemuel_angel_altar
D:14:     hangedman_decor_cross_pass
D:15:     grunt_enter_depths_snipers, serial_shops, shop, shop, shop,
          nicolae_ru_the_path_less_chosen
Lair:2:   beast_lair_carwin_5, grunt_megastairs_4, lemuel_fruit_tree
Lair:3:   elwin_shoals_entry_rooms, st_stairs_13
Lair:4:   guppyfry_snake_entry_island, grunt_megastairs_5, lemuel_fruit_fields
Lair:5:   minmay_lair_oklob_chamber, grunt_megastairs_2
Lair:6:   due_jungle_book, minmay_slime_entry_pillars,
          nicolae_volcano_entry_hallway
Volcano:  volcano_grotto

Skill      XL: |  1  2  3  4  5  6  7  8  9 10 11 12 13 14 15 |
---------------+----------------------------------------------+-----
Shields        | 4 5 6 7 8 10 12 14 15 | 15.4
Armour         | 4 5 6 7 9 10 11 15 | 15.7
Invocations    | 6 7 8 9 |  9.9
Evocations     | 5 6 |  6.2
Fighting       | 10 12 | 12.0
Dodging        | 7 |  7.0
Axes           | |  2.0

Action                   |  1- 3 |  4- 6 |  7- 9 | 10-12 | 13-15 || total
-------------------------+-------+-------+-------+-------+-------++-------
Melee: War axe           |    74 |   160 |   293 |       |       ||   527
       Battleaxe         |       |       |    53 |   705 |   842 ||  1600
Invok: Lesser Servant of |       |       |       |       |     3 ||     3
 Abil: Dig               |     1 |     5 |     9 |    22 |    21 ||    58
Evoke: Wand              |       |       |       |    17 |    11 ||    28
  Use: Scroll            |       |       |     7 |     7 |    24 ||    38
       Potion            |       |       |     1 |     4 |     5 ||    10
 Stab: Paralysed         |       |       |       |     5 |     5 ||    10
  Eat: Chunk             |       |     6 |    11 |    22 |    28 ||    67
       Bread ration      |       |       |       |     2 |       ||     2
Armor: Scale mail        |    17 |       |       |       |       ||    17
       Chain mail        |     9 |    43 |   131 |   193 |   218 ||   594
Dodge: Dodged            |    26 |    32 |   100 |   208 |   403 ||   769
Block: Shield            |    29 |       |       |       |       ||    29
       Large shield      |    13 |   168 |   462 |   990 |  1193 ||  2826
       Reflection        |       |       |       |       |     5 ||     5
